 Dungeon Crawl Stone Soup version 0.30-a0-1066-g63dfefce0d (webtiles) character file.

Game seed: 18284746159857966245

25819 NinjaNoafa the Severer (level 13, -2/124 HPs)
             Began as a Hill Orc Monk on Apr 12, 2023.
             Was a High Priest of Okawaru.
             Killed from afar by a tengu conjurer (17 damage)
             ... with a bolt of lightning
             ... on level 13 of the Dungeon.
             The game lasted 00:30:49 (14582 turns).

NinjaNoafa the Severer (Hill Orc Monk)             Turns: 14582, Time: 00:30:50

Health: -2/124     AC: 27    Str: 19    XL:     13   Next: 22%
Magic:  7/22       EV:  7    Int: 10    God:    Okawaru [*****.]
Gold:   775        SH:  5    Dex: 19    Spells: 12/12 levels left

rFire   + . .      SeeInvis .    a - +2 executioner's axe (vamp)
rCold   . . .      Faith    .    (shield currently unavailable)
rNeg    . . .      Spirit   .    s - +0 crystal plate armour
rPois   .          Reflect  +    l - +2 helmet
rElec   .          Rampage  .    g - +2 cloak
rCorr   .                        q - +0 pair of gloves
Will    .....                    n - +1 pair of boots Stlth
                                 m - amulet of reflection
HPRegen 0.40/turn                r - +6 ring of dexterity
MPRegen 0.18/turn                C - ring of protection from fire

@: heroic, finesse-ful, corroded, slowed, studying Fighting, very slow
A: no striking features
a: Renounce Religion, Heroism, Finesse, Duel


You were on level 13 of the Dungeon.
You worshipped Okawaru.
Okawaru was extremely pleased with you.
You visited 2 branches of the dungeon, and saw 15 of its levels.
You also visited: Bailey.

You collected 840 gold pieces.
You spent 65 gold pieces at shops.

Inventory:

Hand Weapons
 a - a +2 vampiric executioner's axe (weapon)
 b - the +10 bardiche "Ogre's Nightmare" {antimagic, Str+5}
   (You found it in a bailey)

   Str:       It affects your strength (+5).
Missiles
 c - 28 javelins
 d - 3 throwing nets
 f - 32 poisoned darts (quivered)
 y - 14 boomerangs
 B - 3 boomerangs of dispersal
Armour
 g - a +2 cloak (worn)
 l - a +2 helmet (worn)
 n - a +1 pair of boots (worn)
 q - a +0 pair of gloves (worn)
 s - a +0 crystal plate armour (worn)
Jewellery
 m - an amulet of reflection (around neck)
 r - a +6 ring of dexterity (left hand)
 C - a ring of protection from fire (right hand)
Wands
 v - a wand of paralysis (5)
 D - a wand of roots (12)
 G - a wand of flame (1)
 J - a wand of light (1)
Scrolls
 i - 3 scrolls of noise
 j - 2 scrolls of vulnerability
 p - 3 scrolls of amnesia
 t - a scroll of identify
Potions
 e - 8 potions of brilliance
 h - a potion of berserk rage {unknown}
 k - 3 potions of cancellation
 o - 3 potions of lignification {unknown}
 u - a potion of haste
 w - 6 potions of mutation
 x - a potion of flight
 z - 3 potions of attraction
 A - 2 potions of might
 E - 2 potions of resistance {unknown}
 F - 3 potions of curing
 I - a potion of magic {unknown}


   Skills:
 - Level 14.0(19.0) Fighting
 - Level 16.0(21.3) Axes
 - Level 4.5(14.9) Polearms
 + Level 6.6(11.6) Throwing
 - Level 10.0(15.0) Armour
 - Level 2.4(7.4) Dodging
 - Level 1.5(6.5) Stealth
 + Level 12.4 Invocations
 + Level 1.4 Evocations


You had 12 spell levels left.
You didn't know any spells.
Your spell library contained the following spells:

 Spells                   Type           Power      Damage    Failure   Level
 Foxfire                  Conj/Fire      0%         2x1d4     100%        1
 Sandblast                Erth           0%         2d4       100%        1
 Shock                    Conj/Air       0%         1d3       100%        1
 Lesser Beckoning         Tloc           0%         N/A       100%        2
 Passwall                 Tmut/Erth      0%         N/A       100%        2
 Gell's Gravitas          Tloc           0%         N/A       100%        3
 Stone Arrow              Conj/Erth      0%         3d7       100%        3
 Swiftness                Air            0%         N/A       100%        3
 Teleport Other           Tloc           0%         N/A       100%        3
 Airstrike                Air            0%         2d(0-16)  100%        4
 Fireball                 Conj/Fire      0%         3d3       100%        5
 Plasma Beam              Fire/Air       0%         2x1d11    100%        6
 Starburst                Conj/Fire      0%         6d3       100%        6


Dungeon Overview and Level Annotations

Branches:
Dungeon (14/15)            Temple (1/1) D:4            Lair (0/5) D:10
    Orc (0/2) D:9          Bailey (visited)
 Vaults: D:13-14

Altars:
Ashenzari
Cheibriados
Dithmenos
Elyvilon
Fedhas
Gozag
Hepliaklqana
Kikubaaqudgha
Makhleb
Nemelex Xobeh
Okawaru
Qazlal
Ru
Sif Muna
Trog
Uskayaw
Vehumet
Wu Jian
Xom
Yredelemnul
Zin
The Shining One
Beogh

Shops:
D:3 !   D:7 =(*(=   D:13 (

Annotations:
D:9 3 runed translucent doors, Orangeyouglad's ghost, journeyman HuWn


Message History

The acid dragon claws you but does no damage.
The red ugly thing punches you!
* * * LOW HITPOINT WARNING * * *
You are engulfed in flames!
You resist.
* * * LOW HITPOINT WARNING * * *
Okay, then.
Okay, then.
The catoblepas breathes a plume of calcifying dust at you.
The blast of calcifying dust hits the death knight but does no damage.
The blast of calcifying dust hits the acid dragon!
The blast of calcifying dust hits you but does no damage.
The acid dragon is engulfed in calcifying dust.
The acid dragon is moving more slowly.
The tengu conjurer casts a spell at you.
The bolt of lightning hits you but does no damage.
The bolt of lightning hits you!
* * * LOW HITPOINT WARNING * * *
The bolt of lightning hits the tengu conjurer.
The tengu conjurer resists.
You hear a shout! x5; You hear a howl!
You hear an angry hiss.
Unknown command.
Unknown command.
The tengu conjurer hits you but does no damage.
The tengu conjurer pecks you but does no damage.
The tengu conjurer claws you but does no damage.
The tengu conjurer hits you but does no damage.
The tengu conjurer pecks you but does no damage.
The tengu conjurer claws you but does no damage.
Unknown command.
Unknown command.
Okay, then.
You slash the tengu conjurer!
The tengu conjurer is severely wounded.
The tengu conjurer blocks your attack.
The tengu conjurer is severely wounded.
The red ugly thing is engulfed in calcifying dust.
The red ugly thing is moving more slowly.
The tengu conjurer gestures at you while chanting.
The bolt of lightning hits you!
You die...

######.####..[....####.........
#.....)........................
#.##.#.'#######################
#.##..(#...........#
#.####.#.###.###...##
#.####.###.#.#.##.#.#
#.##....#.##.##.....##
#.##.##.##.*....#.#..# #.##.
#..#....@#...# ##
#.##.##..##..Q(u#D#...#
#.(.......#....#Hp§#
####.####.##....#.#...Y. #
#..#...#...# ...
#.#####.##..#.#.# .
#........#..# #.# ########.##.#
.# #############..#.# #


You could see a red ugly thing (petrifying), a manticore, a tengu conjurer and a
battlesphere.

Vanquished Creatures
  Kirke (D:12)
  Harold (D:9)
  A death knight (D:13)
  4 two-headed ogres
  3 boulder beetles
  A tengu warrior (D:13)
  A deep elf pyromancer (D:13)
  A deep elf zephyrmancer (D:7)
  Pikel (D:4)
  A wolf spider (D:13)
  2 manticores (D:12)
  2 ugly things
  3 cyclopes
  Joseph (D:9)
  Maurice (D:9)
  3 gargoyles
  3 centaur zombies (D:10)
  2 unseen horrors
  Psyche (D:11)
  Maggie (D:7)
  An unseen horror zombie (D:10)
  An efreet (D:13)
  A komodo dragon (D:12)
  A queen bee (shapeshifter) (D:13)
  2 trolls
  4 vampires
  3 shadows
  5 yaks
  4 wraiths
  3 wyverns
  4 humans (D:12)
  A steam dragon (D:9)
  A hog (D:12)
  A redback (shapeshifter) (D:13)
  Menkaure (D:5)
  A vampire mosquito (D:13)
  2 acid dragons
  A water moccasin (D:9)
  23 orc warriors
  An ice beast (D:8)
  3 black bears
  2 ogres
  17 centaurs
  A gnoll sergeant (D:9)
  4 bullfrogs
  2 kobold brigands
  3 scorpions
  4 wights (D:10)
  3 howler monkeys
  4 orc priests
  5 hounds
  A jelly (D:7)
  2 gnoll boudas
  2 iguanas
  2 orc wizards
  Ijyb (D:5)
  8 adders
  21 gnolls
  An ufetubus (D:5)
  3 worms
  4 dart slugs
  62 orcs
  4 endoplasms
  4 giant cockroaches
  11 goblins
  11 hobgoblins
  2 jackals (D:3)
  3 quokkas
  3 training dummies (D:13)
  10 ball pythons
  5 bats
  8 frilled lizards
  20 kobolds
  6 rats
337 creatures vanquished.

Vanquished Creatures (others)
  An angel (D:3)
  A centaur simulacrum (D:13)
  An orc warrior (Bailey)
  10 fungi (D:10)
  17 plants
  2 withered plants (D:10)
32 creatures vanquished.

Grand Total: 369 creatures vanquished

Notes
Turn   | Place    | Note
-------+----------+-------------------------------------------
     0 | D:1      | NinjaNoafa the Hill Orc Monk began the quest for the Orb.
     0 | D:1      | Reached XP level 1. HP: 19/19 MP: 1/1
   218 | D:1      | Reached XP level 2. HP: 25/27 MP: 2/2
   586 | D:1      | Reached XP level 3. HP: 31/34 MP: 3/3
   923 | D:2      | Found a radiant altar of Vehumet.
   938 | D:2      | Reached skill level 5 in Axes
  1173 | D:2      | Reached XP level 4. HP: 36/41 MP: 4/4
  1586 | D:3      | Reached skill level 5 in Fighting
  1763 | D:3      | Found a roughly hewn altar of Beogh.
  1777 | D:3      | Reached XP level 5. HP: 33/48 MP: 5/5
  1787 | D:3      | Killed an angel
  1806 | D:3      | Reached skill level 6 in Axes
  1815 | D:3      | Found a glowing silver altar of Zin.
  1815 | D:3      | Found a shimmering altar of Xom.
  1955 | D:3      | Found a burning altar of Makhleb.
  1997 | D:3      | Found Vivu's Distillery.
  2011 | D:3      | Bought a potion of heal wounds for 65 gold pieces
  2358 | D:4      | Found an iron altar of Okawaru.
  2373 | D:4      | Became a worshipper of Warmaster Okawaru
  2373 | D:4      | Reached * piety under Okawaru
  2373 | D:4      | Reached ** piety under Okawaru
  2459 | D:4      | Found a staircase to the Ecumenical Temple.
  2481 | Temple   | Entered the Ecumenical Temple
  2666 | D:4      | Found a hazy altar of Hepliaklqana.
  3013 | D:4      | Reached XP level 6. HP: 42/57 MP: 6/6
  3053 | D:4      | Reached skill level 7 in Axes
  3531 | D:4      | Reached skill level 8 in Axes
  3917 | D:5      | Entered Level 5 of the Dungeon
  3927 | D:5      | Reached XP level 7. HP: 41/63 MP: 7/7
  3968 | D:5      | Noticed Pikel
  3968 | D:5      | Noticed Menkaure
  4014 | D:4      | Killed Pikel
  4015 | D:4      | Reached skill level 10 in Axes
  4015 | D:4      | Reached XP level 8. HP: 31/70 MP: 8/8
  4235 | D:5      | Reached skill level 11 in Axes
  4332 | D:5      | Noticed Ijyb
  4340 | D:5      | Paralysed by Ijyb for 4 turns
  4362 | D:5      | Killed Ijyb
  4421 | D:5      | Killed Menkaure
  4421 | D:5      | Reached *** piety under Okawaru
  4422 | D:5      | Reached skill level 12 in Axes
  4980 | D:6      | Reached skill level 13 in Axes
  4980 | D:6      | Reached skill level 1 in Invocations
  5041 | D:6      | Reached skill level 1 in Armour
  5602 | D:7      | Found Obuk's Weapon Emporium.
  5630 | D:7      | Reached XP level 9. HP: 44/75 MP: 10/10
  5673 | D:7      | Found Uxzauq's Jewellery Emporium.
  5836 | D:7      | Found a hide-covered altar of Uskayaw.
  5838 | D:7      | Noticed a +0 hand axe
  5838 | D:7      | Noticed a +0 hand axe
  5933 | D:7      | Reached skill level 14 in Axes
  5971 | D:7      | Found Gusohuod's Weapon Shoppe.
  5979 | D:7      | Noticed Maggie
  6008 | D:7      | Killed Maggie
  6008 | D:7      | Reached **** piety under Okawaru
  6180 | D:7      | Noticed a deep elf zephyrmancer
  6184 | D:7      | Killed a deep elf zephyrmancer
  6333 | D:7      | Found Oheduelu's Jewellery Boutique.
  6343 | D:7      | Found Seupurph's Assorted Antiques.
  6546 | D:8      | Reached skill level 5 in Invocations
  6641 | D:8      | Noticed a two-headed ogre
  6655 | D:8      | Killed a two-headed ogre
  6656 | D:8      | Reached XP level 10. HP: 88/88 MP: 12/14
  6702 | D:8      | Reached skill level 5 in Armour
  7299 | D:8      | Reached skill level 1 in Throwing
  7456 | D:9      | Found a roughly hewn altar of Beogh.
  7456 | D:9      | Found a staircase to the Orcish Mines.
  7762 | D:9      | Reached ***** piety under Okawaru
  7882 | D:9      | Noticed Maurice
  7891 | D:9      | Killed Maurice
  7951 | D:9      | Noticed Joseph
  7965 | D:9      | Killed Joseph
  7998 | D:9      | Received a gift from Okawaru
  8142 | D:9      | Reached skill level 15 in Axes
  8193 | D:9      | Noticed Harold
  8201 | D:9      | Killed Harold
  8230 | D:9      | Found a glowing golden altar of the Shining One.
  8237 | D:9      | Reached XP level 11. HP: 71/97 MP: 16/16
  8454 | D:9      | Found a runed translucent gate.
  8455 | D:9      | Found a runed translucent gate.
  8455 | D:9      | Identified the +1 plate armour of Riodura {rC+ rN+ Str+5}
  8455 | D:9      | Noticed Orangeyouglad's ghost (journeyman HuWn)
  8456 | D:9      | Found a runed translucent gate.
  8626 | D:9      | Found a roughly hewn altar of Beogh.
  8669 | D:10     | Entered Level 10 of the Dungeon
  8980 | D:10     | Found a staircase to the Lair.
  9064 | D:10     | Found a flagged portal.
  9064 | D:10     | Identified the +5 spear "Hill Orc's Doom" {heavy, rPois
                  | rCorr Dex-4}
  9065 | D:10     | Identified the +0 scale mail of Poborey {+Inv rPois}
  9078 | D:10     | Reached skill level 10 in Fighting
  9094 | Bailey   | Entered a bailey
  9116 | Bailey   | Identified the +1 pair of gloves of Kuhaez {rPois rN++
                  | Will- Slay-6} (Okawaru gifted it to you in a bailey)
  9116 | Bailey   | Received a gift from Okawaru
 10023 | Bailey   | Reached skill level 16 in Axes
 10026 | Bailey   | Reached skill level 5 in Throwing
 10296 | Bailey   | Identified the +10 bardiche "Ogre's Nightmare" {antimagic,
                  | Str+5}
 10886 | D:10     | Reached skill level 1 in Polearms
 10975 | D:11     | Noticed a manticore
 10979 | D:11     | Noticed Psyche
 10983 | D:11     | Banished a manticore
 10985 | D:11     | Killed Psyche
 10989 | D:11     | Reached XP level 12. HP: 104/107 MP: 18/18
 11608 | D:12     | Noticed a boulder beetle
 11870 | D:12     | Killed a boulder beetle
 12051 | D:12     | Noticed a two-headed ogre
 12052 | D:12     | Noticed a two-headed ogre
 12055 | D:12     | Killed a two-headed ogre
 12055 | D:12     | Reached ****** piety under Okawaru
 12055 | D:12     | Identified the +3 chain mail of Valour {Str+3 Int+3}
                  | (Okawaru gifted it to you on level 12 of the Dungeon)
 12055 | D:12     | Received a gift from Okawaru
 12062 | D:12     | Killed a two-headed ogre
 12063 | D:12     | Reached skill level 10 in Invocations
 12120 | D:12     | Noticed Kirke
 12129 | D:12     | Killed Kirke
 12785 | D:12     | You fall into a shaft and drop 1 floor!
 13187 | D:13     | Found Paobbuw's Firing Range.
 13474 | D:13     | Noticed a tengu warrior
 13482 | D:13     | Killed a tengu warrior
 13609 | D:13     | Noticed a death knight
 13634 | D:14     | Noticed a centaur warrior
 14048 | D:13     | Reached skill level 10 in Armour
 14246 | D:13     | Reached XP level 13. HP: 123/123 MP: 21/21
 14292 | D:13     | Identified the +5 robe of the Storm King {Dex+2} (Okawaru
                  | gifted it to you on level 13 of the Dungeon)
 14292 | D:13     | Received a gift from Okawaru
 14567 | D:13     | Reached skill level 1 in Evocations
 14571 | D:13     | Identified the +11 war axe of Wodor {holy, rElec rN+}
 14573 | D:13     | Identified the +4 chain mail of Alem {Int+4}
 14582 | D:13     | Killed from afar by a tengu conjurer

Illustrated notes

Levels and vault maps discovered:
D:1:      saegor_arrival_simple_a, layout_basic
D:2:      cheibrodos_helix_gallery, layout_basic, basic_altar
D:3:      layout_basic, grunt_temple_overflow_order_and_chaos_1,
          mainiacjoe_overflow_boulevard, serial_shops, shop, kennysheep_nub,
          kennysheep_orc_chapel
D:4:      corexii_shantytown, layout_layer_cave,
          nicolae_hepliaklqana_hazy_memory, okawaru_ov_weapons_minmay
D:5:      layout_loops_ring, uniq_menkaure, uniq_ijyb, uniq_pikel
D:6:      layout_cave_pools, nicolae_hexahallways
D:7:      layout_basic, dancing_weapons_uskayaw, serial_shops,
          nicolae_shop_behind_doors, nicolae_take_the_stairs, shop, shop,
          kennysheep_mini_moat, guppyfry_early_elven_hall, uniq_maggie
D:8:      layout_loops_cross, nicolae_zen_rock_garden
D:9:      layout_irregular_city, nicolae_tso_carved_into_rock, david_orc_5,
          biasface_ghost_orc_armoury, uniq_joseph, uniq_harold, uniq_maurice
D:10:     layout_roguey, grunt_lair_entry_orc_guard_hut, enter_bailey_2,
          serial_undead, serial_undead_c, serial_undead_c, serial_undead_e,
          serial_undead_b
D:11:     layout_loops_ring, uniq_psyche
D:12:     layout_stronghold, gauntlet_entry_generic, kennysheep_crisscross,
          hangedman_abyss_or_decor_stabs, uniq_kirke
D:13:     minmay_the_grid_triangle_9x9_recursive_3_mashed
          [minmay_the_grid_triangle_9x9_fully_insulated_deathbox,
          minmay_the_grid_triangle_9x9_wacky_v,
          minmay_the_grid_triangle_9x9_swiss_cheese,
          minmay_the_grid_triangle_9x9_prize_insulated,
          minmay_the_grid_triangle_9x9_skeleton,
          minmay_the_grid_triangle_9x9_thin_v,
          minmay_the_grid_triangle_9x9_zippers_vertical,
          minmay_the_grid_triangle_9x9_warning,
          minmay_the_grid_triangle_9x9_intruding_spiral], layout_loops_corners,
          nicolae_shop_firing_range
D:14:     layout_rooms, hangedman_vaults_entry_quadrant_bands,
          nicolae_ru_awakened_eye, nicolae_danse_macabre
Temple:   nicolae_temple_bog_church

Skill      XL: |  1  2  3  4  5  6  7  8  9 10 11 12 13 |
---------------+----------------------------------------+-----
Fighting       | 4 5 6 8 9 10 13 14 | 14.0
Axes           | 5 6 8 10 13 14 15 16 | 16.0
Invocations    | 2 6 7 9 11 12 | 12.4
Armour         | 1 4 6 8 10 | 10.0
Throwing       | 3 5 6 |  6.6
Polearms       | 1 4 |  4.5
Evocations     | 1 |  1.4
Dodging        | |  2.4
Stealth        | |  1.5

Action                     |  1- 3 |  4- 6 |  7- 9 | 10-12 | 13-15 || total
---------------------------+-------+-------+-------+-------+-------++-------
  Melee: Hand axe          |   120 |   218 |   199 |       |       ||   537
         Broad axe         |       |       |    20 |   131 |       ||   151
         Executioner's axe |       |       |       |   314 |    28 ||   342
         Bardiche          |       |       |       |    17 |       ||    17
  Throw: Boomerang         |       |       |     1 |    83 |       ||    84
         Throwing net      |       |       |     1 |       |       ||     1
         Dart              |       |       |       |     1 |     3 ||     4
         Javelin           |       |       |       |     2 |       ||     2
 Invoke: Heroism           |       |       |       |     1 |     2 ||     3
         Finesse           |       |       |       |       |     1 ||     1
  Evoke: Wand              |       |       |     1 |     7 |       ||     8
    Use: Potion            |     1 |       |     1 |     4 |     5 ||    11
         Scroll            |       |       |    10 |    12 |     1 ||    23
   Stab: Held in net/web   |       |       |     1 |       |       ||     1
 Armour: Robe              |     2 |       |       |       |       ||     2
         Ring mail         |    32 |     7 |       |       |       ||    39
         Chain mail        |       |    74 |    41 |   193 |       ||   308
         Scale mail        |       |       |    34 |    66 |       ||   100
         Crystal plate arm |       |       |       |   183 |    58 ||   241
  Dodge: Dodged            |    77 |    82 |    71 |   263 |     7 ||   500
  Block: Orb               |    18 |    52 |    39 |    21 |       ||   130
         Reflection        |       |     3 |     1 |    12 |       ||    16
         Other             |       |       |       |   138 |     9 ||   147

Table legend: (Time is in decaauts)
 A = Elapsed time spent in this place.
 B = Non-inter-level travel time spent in this place.
 C = Inter-level travel time spent in this place.
 D = Time resting spent in this place.
 E = Time spent auto-exploring this place.
 F = Levels seen in this place.
 G = Mean time per level.
                   A        B        C        D        E       F      G
               +--------+--------+--------+--------+--------+-----+--------+
         Total |  14558 |  13869 |    689 |   2081 |   8254 |  16 |  909.9 |
       Dungeon |  12805 |  12126 |    679 |   1411 |   7887 |  14 |  914.6 |
        Temple |    170 |    160 |     10 |      0 |    147 |   1 |  170.0 |
        Bailey |   1582 |   1582 |      0 |    670 |    220 |   1 | 1582.0 |
               +--------+--------+--------+--------+--------+-----+--------+

Top non-repeatable levels by time:
     D:4: 1670 daAuts
  Bailey: 1582 daAuts
    D:12: 1482 daAuts
    D:13: 1216 daAuts
     D:8: 1121 daAuts
     D:9: 1007 daAuts
    D:11: 936 daAuts
     D:7: 927 daAuts
     D:1: 843 daAuts
     D:5: 813 daAuts
     D:2: 743 daAuts
    D:10: 725 daAuts
     D:3: 682 daAuts
     D:6: 630 daAuts
  Temple: 170 daAuts
